| TOP OF THE 1ST |
|
Chester Pirates batting - Pitching for Canton Indians : RHP Howard Allen
|
|
Pitching: RHP Howard Allen
|
|
|
Batting: RHB Terrence Wilson
|
0-0: Ball 1-0: Ball 2-0: Ball 3-0: Base on Balls
|
|
Batting: RHB Tim Moore
|
0-0: Ball 1-0: Called Strike 1-1: Grounds out, U3 (Groundball, 3L, EV 84.4 MPH)
|
|
Batting: RHB Brandon White
|
0-0: Called Strike 0-1: Ball 1-1: Ball 2-1: Called Strike 2-2: Ball 3-2: Strikes out swinging
|
|
Batting: LHB Carlos Vega
|
0-0: Called Strike 0-1: Ball 1-1: 2-RUN HOME RUN (Flyball, 7D, EV 97.5 MPH), Distance : 384 ft
|
|
Batting: RHB Zach Chmieleski
|
0-0: Ground out 6-3 (Groundball, 6S, EV 65.6 MPH)
|
| Top of the 1st over - 2 runs, 1 hit, 0 errors, 0 left on base; Chester 2 - Canton 0 |
| BOTTOM OF THE 1ST |
|
Canton Indians batting - Pitching for Chester Pirates : RHP Hitoshi Yoshihara
|
|
Pitching: RHP Hitoshi Yoshihara
|
|
|
Batting: RHB Kenzo Shinoda
|
0-0: Ball 1-0: Called Strike 1-1: Swinging Strike 1-2: Strikes out swinging
|
|
Batting: LHB Costodio Varino
|
0-0: Ball 1-0: SINGLE (Groundball, 4MD, EV 98.1 MPH)
|
|
Batting: LHB Dave Key
|
0-0: Called Strike 0-1: Ball 1-1: Ball 2-1: SINGLE (Line Drive, 4MD, EV 96.9 MPH) Costodio Varino to second
|
|
Batting: RHB Carlos Abrego
|
0-0: Called Strike 0-1: Fly out, F5 (Popup, 5SF, EV 71.9 MPH)
|
|
Batting: LHB Shane Montalvo
|
0-0: Foul Ball, location: 2F 0-1: Ball 1-1: SINGLE (Line Drive, 78S, EV 101.3 MPH) Costodio Varino to third Dave Key to second Runner from 3rd tries for Home, SAFE, throw by LF to home
|
|
Batting: RHB Ricky Butts
|
0-0: Fly out, F8 (Line Drive, 8RD, EV 93.8 MPH)
|
| Bottom of the 1st over - 1 run, 3 hits, 0 errors, 2 left on base; Chester 2 - Canton 1 |
| TOP OF THE 2ND |
|
Chester Pirates batting - Pitching for Canton Indians : RHP Howard Allen
|
|
Batting: RHB Jeff Edwards
|
0-0: Swinging Strike 0-1: SINGLE (Line Drive, 34, EV 109.4 MPH)
|
|
Pitching: RHP Chris Cohen
|
|
|
Batting: SHB Don Hauk
|
0-0: Ball 1-0: Ball 2-0: Called Strike 2-1: Foul Ball, location: 2F 2-2: Ball 3-2: Foul Ball, location: 2F 3-2: Base on Balls Jeff Edwards to second
|
|
Batting: RHB Frank Elizondo
|
0-0: Foul Ball, location: 2F 0-1: Called Strike 0-2: Foul Ball, location: 2F 0-2: 3-RUN HOME RUN (Flyball, 78XD, EV 108.8 MPH), Distance : 416 ft
|
|
Batting: RHB Erik Mulligan
|
0-0: SINGLE (Groundball, 4MD, EV 95.6 MPH)
|
|
Batting: RHB Terrence Wilson
|
0-0: Ball 1-0: Foul Ball, location: 2F 1-1: Ball 2-1: Swinging Strike 2-2: Strikes out swinging
|
|
Batting: RHB Tim Moore
|
0-0: Called Strike 0-1: Fly out, F8 (Flyball, 8RS, EV 87.5 MPH)
|
|
Pitching: RHP Terry Sterling
|
|
|
Batting: RHB Brandon White
|
0-0: DOUBLE (Flyball, 9D, EV 101.9 MPH) Erik Mulligan to third
|
|
Batting: LHB Carlos Vega
|
0-0: Ball 1-0: Foul Ball, location: 2F 1-1: SINGLE (Line Drive, 9S, EV 98.1 MPH) Erik Mulligan scores Brandon White to third Runner from 3rd tries for Home, SAFE, throw by RF to home
|
|
Batting: RHB Zach Chmieleski
|
0-0: Ball 1-0: Ball 2-0: Called Strike 2-1: Foul Ball, location: 2F 2-2: Foul Ball, location: 2F 2-2: Ball 3-2: Foul Ball, location: 2F 3-2: Foul Ball, location: 2F 3-2: Base on Balls Carlos Vega to second
|
|
Batting: RHB Jeff Edwards
|
0-0: Ball 1-0: Fly out, F2 (Popup, 23F, EV 85.0 MPH)
|
| Top of the 2nd over - 5 runs, 5 hits, 0 errors, 2 left on base; Chester 7 - Canton 1 |
| BOTTOM OF THE 2ND |
|
Canton Indians batting - Pitching for Chester Pirates : RHP Hitoshi Yoshihara
|
|
Batting: RHB John Bianconi
|
0-0: Called Strike 0-1: Swinging Strike 0-2: Ball 1-2: Ball 2-2: Ball 3-2: Strikes out swinging
|
|
Batting: RHB Eric Kuck
|
0-0: Called Strike 0-1: Swinging Strike 0-2: Ground out 1-3 (Groundball, 34S, EV 77.5 MPH)
|
|
Batting: LHB Rich Walker
|
0-0: Called Strike 0-1: Swinging Strike 0-2: Strikes out swinging
|
| Bottom of the 2nd over - 0 runs, 0 hits, 0 errors, 0 left on base; Chester 7 - Canton 1 |
| TOP OF THE 3RD |
|
Chester Pirates batting - Pitching for Canton Indians : RHP Terry Sterling
|
|
Batting: SHB Don Hauk
|
0-0: Fly out, F3 (Popup, 34S, EV 68.1 MPH)
|
|
Batting: RHB Frank Elizondo
|
0-0: Ball 1-0: Ball 2-0: Ball 3-0: Base on Balls
|
|
Pitching: RHP Ian Nordquist
|
|
|
Batting: RHB Erik Mulligan
|
0-0: Fly out, F7 (Line Drive, 7, EV 96.9 MPH)
|
|
Batting: RHB Terrence Wilson
|
0-0: Foul Ball, location: 2F 0-1: Swinging Strike 0-2: Ball 1-2: Ball 2-2: Foul Ball, location: 2F 2-2: Ball 3-2: Foul Ball, location: 2F 3-2: SINGLE (Groundball, 4MD, EV 97.5 MPH) Frank Elizondo to second Frank Elizondo to third
|
|
Batting: RHB Tim Moore
|
0-0: Ball Wild Pitch! Frank Elizondo scores Terrence Wilson to second 1-0: Ball 2-0: Foul Ball, location: 2F 2-1: DOUBLE (Line Drive, 9LM, EV 101.3 MPH) Terrence Wilson scores
|
|
Batting: RHB Brandon White
|
0-0: Foul Ball, location: 2F 0-1: Called Strike 0-2: Fly out, F9 (Flyball, 89S, EV 80.6 MPH)
|
| Top of the 3rd over - 2 runs, 2 hits, 0 errors, 1 left on base; Chester 9 - Canton 1 |
| BOTTOM OF THE 3RD |
|
Canton Indians batting - Pitching for Chester Pirates : RHP Hitoshi Yoshihara
|
|
Batting: RHB Kenzo Shinoda
|
0-0: Ball 1-0: Called Strike 1-1: Swinging Strike 1-2: Ball 2-2: Foul Ball, location: 2F 2-2: Ball 3-2: Base on Balls
|
|
Batting: LHB Costodio Varino
|
0-0: Called Strike 0-1: Ball 1-1: Swinging Strike 1-2: Ball 2-2: Strikes out swinging Kenzo Shinoda steals 2nd base (no throw) Batter strikes out.
|
|
Batting: LHB Dave Key
|
0-0: SINGLE (Groundball, 6S, EV 66.3 MPH) (infield hit) Kenzo Shinoda to third
|
|
Batting: RHB Carlos Abrego
|
0-0: Ball 1-0: Ball 2-0: Ball 3-0: Fly out, F8 (Line Drive, 8LD, EV 109.4 MPH) Runner from 3rd tags up, SCORES, throw by CF
|
|
Batting: LHB Shane Montalvo
|
0-0: Called Strike 0-1: SINGLE (Groundball, 6S, EV 68.8 MPH) (infield hit) Dave Key to second
|
|
Batting: RHB Ricky Butts
|
0-0: Fielders Choice at 2nd, 5-4 (Groundball, 56, EV 85.0 MPH)
|
| Bottom of the 3rd over - 1 run, 2 hits, 0 errors, 2 left on base; Chester 9 - Canton 2 |
| TOP OF THE 4TH |
|
Chester Pirates batting - Pitching for Canton Indians : RHP Ian Nordquist
|
|
Batting: LHB Carlos Vega
|
0-0: Fly out, F8 (Line Drive, 8LD, EV 93.8 MPH)
|
|
Batting: RHB Zach Chmieleski
|
0-0: Swinging Strike 0-1: Foul Ball, location: 2F 0-2: Ball 1-2: Fly out, F6 (Popup, 6MD, EV 65.0 MPH)
|
|
Pitching: RHP Nate Souza
|
|
|
Batting: RHB Jeff Edwards
|
0-0: Called Strike 0-1: Ball 1-1: Ball 2-1: Foul Ball, location: 2F 2-2: Fly out, F9 (Flyball, 89S, EV 84.4 MPH)
|
| Top of the 4th over - 0 runs, 0 hits, 0 errors, 0 left on base; Chester 9 - Canton 2 |
| BOTTOM OF THE 4TH |
|
Canton Indians batting - Pitching for Chester Pirates : RHP Hitoshi Yoshihara
|
|
Batting: RHB John Bianconi
|
0-0: SINGLE (Line Drive, 34D, EV 100.0 MPH)
|
|
Batting: RHB Eric Kuck
|
0-0: Swinging Strike 0-1: Fly out, F9 (Line Drive, 9, EV 107.5 MPH)
|
|
Batting: LHB Rich Walker
|
0-0: Ball Wild Pitch! John Bianconi to second 1-0: Ball 2-0: Ball Wild Pitch! John Bianconi to third 3-0: Called Strike 3-1: Base on Balls
|
|
Batting: RHB Kenzo Shinoda
|
0-0: Ball 1-0: Called Strike 1-1: Ball 2-1: Called Strike 2-2: Strikes out swinging
|
|
Batting: LHB Costodio Varino
|
0-0: Foul Ball, location: 2F 0-1: 3-RUN HOME RUN (Flyball, 7D, EV 106.3 MPH), Distance : 396 ft
|
|
Pitching: RHP Pat Hall
|
|
|
Batting: LHB Dave Key
|
0-0: Called Strike 0-1: Swinging Strike 0-2: Foul Ball, location: 2F 0-2: Ball 1-2: Ball 2-2: Foul Ball, location: 2F 2-2: Strikes out looking
|
| Bottom of the 4th over - 3 runs, 2 hits, 0 errors, 0 left on base; Chester 9 - Canton 5 |
| TOP OF THE 5TH |
|
Chester Pirates batting - Pitching for Canton Indians : RHP Nate Souza
|
|
Batting: SHB Don Hauk
|
0-0: Ball 1-0: Ball 2-0: Called Strike 2-1: Ball 3-1: Base on Balls
|
|
Batting: RHB Frank Elizondo
|
0-0: Ball 1-0: Ball 2-0: Foul Ball, location: 2F 2-1: Foul Ball, location: 2F 2-2: Ball 3-2: 2-RUN HOME RUN (Flyball, 7LD, EV 92.5 MPH), Distance : 355 ft
|
|
Batting: RHB Erik Mulligan
|
0-0: Ball 1-0: Ball 2-0: Called Strike 2-1: Hit by Pitch
|
|
Batting: RHB Terrence Wilson
|
0-0: Ball 1-0: Fielders Choice at 2nd, 4-6 (Groundball, 34D, EV 82.5 MPH)
|
|
Batting: RHB Tim Moore
|
0-0: Called Strike 0-1: Called Strike 0-2: Ball 1-2: Foul Ball, location: 2F 1-2: Strikes out swinging
|
|
Batting: RHB Brandon White
|
0-0: DOUBLE (Line Drive, 9LS, EV 91.3 MPH) Terrence Wilson to third Runner from 3rd tries for Home, SAFE, no throw by RF
|
|
Batting: LHB Carlos Vega
|
0-0: Ball 1-0: Swinging Strike 1-1: SINGLE (Groundball, 4MD, EV 98.8 MPH) Brandon White to third Runner from 3rd tries for Home, SAFE, throw by CF to home
|
|
Batting: RHB Zach Chmieleski
|
0-0: Called Strike 0-1: Ball 1-1: Foul Ball, location: 2F 1-2: Ball 2-2: Reached on error, E3 (Groundball, 34, EV 101.9 MPH) Carlos Vega to second
|
|
Batting: RHB Jeff Edwards
|
0-0: Ball 1-0: Called Strike 1-1: Foul Ball, location: 2F 1-2: Ball 2-2: Foul Ball, location: 2F 2-2: Ground out 5-3 (Groundball, 56S, EV 74.4 MPH)
|
| Top of the 5th over - 4 runs, 3 hits, 1 error, 2 left on base; Chester 13 - Canton 5 |
| BOTTOM OF THE 5TH |
|
Canton Indians batting - Pitching for Chester Pirates : RHP Pat Hall
|
|
Batting: RHB Carlos Abrego
|
0-0: Ball 1-0: Called Strike 1-1: Foul Ball, location: 2F 1-2: Foul Ball, location: 2F 1-2: Ball 2-2: Strikes out swinging
|
|
Batting: LHB Shane Montalvo
|
0-0: Ball 1-0: Fly out, F5 (Popup, 6S, EV 86.9 MPH)
|
|
Batting: RHB Ricky Butts
|
0-0: Ground out 6-3 (Groundball, 6, EV 106.9 MPH)
|
| Bottom of the 5th over - 0 runs, 0 hits, 0 errors, 0 left on base; Chester 13 - Canton 5 |
| TOP OF THE 6TH |
|
Chester Pirates batting - Pitching for Canton Indians : RHP Nate Souza
|
|
Batting: SHB Don Hauk
|
0-0: Ground out U3 (Groundball, 34S, EV 80.6 MPH)
|
|
Batting: RHB Frank Elizondo
|
0-0: Ball 1-0: Swinging Strike 1-1: Foul Ball, location: 2F 1-2: Ball 2-2: Ball 3-2: Foul Ball, location: 2F 3-2: Foul Ball, location: 2F 3-2: Ground out 5-3 (Groundball, 5S, EV 63.1 MPH)
|
|
Batting: RHB Erik Mulligan
|
0-0: SINGLE (Groundball, 4MD, EV 103.1 MPH)
|
|
Batting: RHB Terrence Wilson
|
0-0: Foul Ball, location: 2F 0-1: SINGLE (Groundball, 34D, EV 95.6 MPH) Erik Mulligan to second
|
|
Batting: RHB Tim Moore
|
0-0: Called Strike 0-1: Called Strike 0-2: Ball 1-2: Foul Ball, location: 2F 1-2: Strikes out looking
|
| Top of the 6th over - 0 runs, 2 hits, 0 errors, 2 left on base; Chester 13 - Canton 5 |
| BOTTOM OF THE 6TH |
|
Canton Indians batting - Pitching for Chester Pirates : RHP Pat Hall
|
|
Batting: RHB John Bianconi
|
0-0: SINGLE (Groundball, 15S, EV 71.9 MPH) (infield hit)
|
|
Batting: RHB Eric Kuck
|
0-0: Swinging Strike 0-1: Called Strike 0-2: Foul Ball, location: 2F 0-2: Ball 1-2: Strikes out swinging
|
|
Batting: LHB Rich Walker
|
0-0: Fielders Choice at 2nd, 3-6 (Groundball, 3, EV 83.8 MPH)
|
|
Batting: RHB Kenzo Shinoda
|
0-0: Called Strike 0-1: Fly out, F7 (Flyball, 7S, EV 90.0 MPH)
|
| Bottom of the 6th over - 0 runs, 1 hit, 0 errors, 1 left on base; Chester 13 - Canton 5 |
| TOP OF THE 7TH |
|
Chester Pirates batting - Pitching for Canton Indians : RHP Nate Souza
|
|
Pinch Hitting: LHB Chad Cutler
|
0-0: Called Strike 0-1: Foul Ball, location: 2F 0-2: Ball 1-2: Strikes out swinging
|
|
Pitching: RHP Luke Burnham
|
|
|
Batting: LHB Carlos Vega
|
0-0: DOUBLE (Flyball, 8LXD, EV 108.1 MPH)
|
|
Batting: RHB Zach Chmieleski
|
0-0: SINGLE (Line Drive, 9S, EV 86.9 MPH) Carlos Vega to third Runner from 3rd tries for Home, throw by RF and OUT! 9-2 Zach Chmieleski to second
|
|
Batting: RHB Jeff Edwards
|
0-0: Fly out, F9 (Flyball, 89M, EV 94.4 MPH)
|
| Top of the 7th over - 0 runs, 2 hits, 0 errors, 1 left on base; Chester 13 - Canton 5 |
| BOTTOM OF THE 7TH |
|
Canton Indians batting - Pitching for Chester Pirates : RHP Pat Hall
|
|
Now in RF: Chad Cutler
|
|
|
Batting: LHB Costodio Varino
|
0-0: Foul Ball, location: 2F 0-1: Foul Ball, location: 2F 0-2: Foul Ball, location: 2F 0-2: Strikes out swinging
|
|
Batting: LHB Dave Key
|
0-0: Ball 1-0: Ball 2-0: Called Strike 2-1: Ball 3-1: Swinging Strike 3-2: Foul Ball, location: 2F 3-2: SINGLE (Groundball, 6MS, EV 66.9 MPH) (infield hit)
|
|
Pitching: RHP Fred McIlrath
|
|
|
Batting: RHB Carlos Abrego
|
0-0: Reached on error, E3 (Groundball, 34, EV 93.8 MPH) Dave Key to second
|
|
Batting: LHB Shane Montalvo
|
0-0: Foul Ball, location: 2F 0-1: Foul Ball, location: 2F 0-2: 3-RUN HOME RUN (Flyball, 9D, EV 99.4 MPH), Distance : 372 ft
|
|
Batting: RHB Ricky Butts
|
0-0: Ball 1-0: Swinging Strike 1-1: SINGLE (Groundball, 6D, EV 110.0 MPH)
|
|
Batting: RHB John Bianconi
|
0-0: Called Strike 0-1: Ball 1-1: Called Strike 1-2: Strikes out swinging
|
|
Batting: RHB Eric Kuck
|
0-0: Ball 1-0: Swinging Strike 1-1: Ball 2-1: Ball 3-1: Base on Balls Ricky Butts to second
|
|
Batting: LHB Rich Walker
|
0-0: Ball 1-0: Ball 2-0: Ball 3-0: Base on Balls Ricky Butts to third Eric Kuck to second
|
|
Batting: RHB Kenzo Shinoda
|
0-0: Fly out, F7 (Flyball, 78M, EV 73.1 MPH)
|
| Bottom of the 7th over - 3 runs, 3 hits, 1 error, 3 left on base; Chester 13 - Canton 8 |
| TOP OF THE 8TH |
|
Chester Pirates batting - Pitching for Canton Indians : RHP Luke Burnham
|
|
Batting: SHB Don Hauk
|
0-0: Fly out, F9 (Flyball, 89S, EV 97.5 MPH)
|
|
Batting: RHB Frank Elizondo
|
0-0: Foul Ball, location: 2F 0-1: Ball 1-1: Ground out 5-3 (Groundball, 5L, EV 106.9 MPH)
|
|
Batting: RHB Erik Mulligan
|
0-0: Ball 1-0: Fly out, F8 (Line Drive, 8LM, EV 91.9 MPH)
|
| Top of the 8th over - 0 runs, 0 hits, 0 errors, 0 left on base; Chester 13 - Canton 8 |
| BOTTOM OF THE 8TH |
|
Canton Indians batting - Pitching for Chester Pirates : RHP Fred McIlrath
|
|
Batting: LHB Costodio Varino
|
0-0: Called Strike 0-1: Called Strike 0-2: Ball 1-2: Strikes out looking
|
|
Batting: LHB Dave Key
|
0-0: Foul Ball, location: 2F 0-1: Ball 1-1: Foul Ball, location: 2F 1-2: Hit by Pitch
|
|
Pitching: RHP Tony Ortiz
|
|
|
Batting: RHB Carlos Abrego
|
0-0: Called Strike 0-1: Foul Ball, location: 2F 0-2: Ball 1-2: Strikes out swinging
|
|
Batting: LHB Shane Montalvo
|
0-0: Fly out, F8 (Flyball, 8LM, EV 78.1 MPH)
|
| Bottom of the 8th over - 0 runs, 0 hits, 0 errors, 1 left on base; Chester 13 - Canton 8 |
| TOP OF THE 9TH |
|
Chester Pirates batting - Pitching for Canton Indians : RHP Luke Burnham
|
|
Batting: RHB Terrence Wilson
|
0-0: Ball 1-0: Foul Ball, location: 2F 1-1: Called Strike 1-2: Foul Ball, location: 2F 1-2: Fly out, F4 (Popup, 4S, EV 66.9 MPH)
|
|
Batting: RHB Tim Moore
|
0-0: SINGLE (Groundball, P, EV 83.8 MPH) (infield hit)
|
|
Batting: LHB Chad Cutler
|
0-0: Ball 1-0: SINGLE (Flyball, 7S, EV 94.4 MPH) Tim Moore to second
|
|
Batting: LHB Carlos Vega
|
0-0: Ball 1-0: Ball 2-0: Ball 3-0: Called Strike 3-1: Called Strike 3-2: SINGLE (Flyball, 56D, EV 88.8 MPH) Tim Moore to third Chad Cutler to second
|
|
Batting: RHB Zach Chmieleski
|
0-0: Foul Ball, location: 2F 0-1: Ball 1-1: SINGLE (Groundball, 34D, EV 96.3 MPH) Tim Moore scores Chad Cutler to third Carlos Vega to second
|
|
Batting: RHB Jeff Edwards
|
0-0: Grounds into double play, 6-4-3 (Groundball, 6, EV 83.8 MPH)
|
| Top of the 9th over - 1 run, 4 hits, 0 errors, 2 left on base; Chester 14 - Canton 8 |
| BOTTOM OF THE 9TH |
|
Canton Indians batting - Pitching for Chester Pirates : RHP Tony Ortiz
|
|
Batting: RHB Ricky Butts
|
0-0: Ball 1-0: Called Strike 1-1: Ball 2-1: Foul Ball, location: 2F 2-2: Strikes out swinging
|
|
Batting: RHB John Bianconi
|
0-0: Called Strike 0-1: Ball 1-1: Called Strike 1-2: DOUBLE (Line Drive, 9LM, EV 106.9 MPH)
|
|
Batting: RHB Eric Kuck
|
0-0: Ball Wild Pitch! John Bianconi to third 1-0: Ball 2-0: Foul Ball, location: 2F 2-1: Ball 3-1: Swinging Strike 3-2: Fly out, F8 (Flyball, 78D, EV 106.9 MPH) Runner from 3rd tags up, SCORES, no throw by CF
|
|
Batting: LHB Rich Walker
|
0-0: Ball 1-0: SOLO HOME RUN (Flyball, 9LD, EV 94.4 MPH), Distance : 356 ft
|
|
Batting: RHB Kenzo Shinoda
|
0-0: Ball 1-0: Called Strike 1-1: Foul Ball, location: 2F 1-2: Strikes out swinging
|
| Bottom of the 9th over - 2 runs, 2 hits, 0 errors, 0 left on base; Chester 14 - Canton 10 |
|